[Event "Late-Titled-Tuesday-Blitz-October-10-2023"]
[Site "Chess.com"]
[Date "2023.10.10"]
[Round "5"]
[White "tylityli"]
[Black "OLDTERMINATOR"]
[Result "1-0"]
[WhiteElo "2347"]
[BlackElo "1590"]
[TimeControl "180+1"]
[EndTime "14:50:05 PDT"]
[Termination "tylityli won on time"]

1. d4 Nf6 2. c4 e5 3. dxe5 Ng4 4. Bf4 g5 5. Bg3 Bg7 6. Nf3 Nc6 7. h4 h6 8. hxg5 hxg5 9. Rxh8+ Bxh8 10. Nc3 Ngxe5 11. Nxe5 Nxe5 12. e3 d6 13. Qh5 Bg7 14. O-O-O Bg4 15. Qh7 Bxd1 16. Qxg7 Bg4 17. Nd5 Be6 18. Nf6+ Ke7 19.
Qxg5 Qg8 20. Nxg8+ 1-0

[Event "Late-Titled-Tuesday-Blitz-October-10-2023"]
[Site "Chess.com"]
[Date "2023.10.10"]
[Round "5"]
[White "Kostukov_Alex"]
[Black "ElCoachRene"]
[Result "1-0"]
[WhiteElo "2374"]
[BlackElo "2160"]
[TimeControl "180+1"]
[EndTime "14:50:08 PDT"]
[Termination "Kostukov_Alex won by resignation"]

1. g3 d5 2. Bg2 c6 3. d3 Bf5 4. e4 dxe4 5. dxe4 Qxd1+ 6. Kxd1 Bg4+ 7. f3 Be6 8. Be3 Na6 9. Nd2 g6 10. Bh3 Bxh3 11. Nxh3 Bg7 12. c3 Nf6 13. Ke2 O-O 14. a4 Rfd8 15. Nf2 Nc7 16. b4 Ne6 17. Nc4 Nd7 18. Rhc1 Ne5 19. Nxe5 Bxe5 20. f4 Bf6 21. e5 Bg7 22. Ne4 Nc7 23. c4 Na6 24. b5 Nb4 25. Rd1 Nc2 26. Rxd8+ Rxd8 27. Rc1 Nxe3 28. Kxe3 Kf8 29. Nc5 b6 30. Ne4 Rc8 31. c5 cxb5 32. cxb6 1-0

[Event "Late-Titled-Tuesday-Blitz-October-10-2023"]
[Site "Chess.com"]
[Date "2023.10.10"]
[Round "5"]
[White "GHANDEEVAM2003"]
[Black "MMSANCHEZ"]
[Result "1-0"]
[WhiteElo "3046"]
[BlackElo "2755"]
[TimeControl "180+1"]
[EndTime "14:50:11 PDT"]
[Termination "GHANDEEVAM2003 won by resignation"]

1. Nf3 d5 2. c4 e6 3. b3 Nf6 4.
Bb2 Be7 5. g3 O-O 6. Bg2 a5 7.
Nc3 c6 8. O-O Nbd7 9. d4 Ne4 10.
Nxe4 dxe4 11. Ne1 f5 12. f3 exf3 13. Nxf3 Bf6 14. Qc2 c5 15. Rad1 cxd4 16. Nxd4 Qb6 17. Kh1 Nc5 18. Nb5 Be7 19. Bd4 Rd8 20. e4 Bd7 21. exf5 Bxb5 22. cxb5 Qxb5 23. fxe6 Nxe6 24. Bb2 Rac8 25. Qe4 Qb6 26. Bh3 Rxd1 27. Qxe6+ 1-0

[Event "Late-Titled-Tuesday-Blitz-October-10-2023"]
[Site "Chess.com"]
[Date "2023.10.10"]
[Round "5"]
[White "sergeikim"]
[Black "maximnovik"]
[Result "0-1"]
[WhiteElo "2587"]
[BlackElo "2467"]
[TimeControl "180+1"]
[EndTime "14:50:18 PDT"]
[Termination "maximnovik won by resignation"]

1. d4 Nf6 2. c4 e6 3. Nc3 Bb4 4.
Qc2 c5 5. dxc5 Bxc5 6. Nf3 a6 7. e3 b6 8. Bd3 Bb7 9. O-O Be7 10. Ne4 d6 11. b3 Nbd7 12. Bb2 Qc7 13. Rac1 Nxe4 14. Bxe4 Nf6 15. Bxb7 Qxb7 16. Rfe1 O-O 17. e4 b5 18. e5 dxe5 19. Nxe5 bxc4 20. Qxc4 Rac8 21. Nc6 Nd5 22. Nxe7+ Nxe7 23. Qg4 Nf5 24. Red1 Rxc1 25. Rxc1 Rd8 26.
Qf4 Qd5 27. h3 f6 28. Kh2 h5 29. Rc7 h4 30. Qg4 Qd6+ 0-1

[Event "Late-Titled-Tuesday-Blitz-October-10-2023"]
[Site "Chess.com"]
[Date "2023.10.10"]
[Round "5"]
[White "DanielNaroditsky"]
[Black "Alexander_Donchenko"]
[Result "1-0"]
[WhiteElo "3177"]
[BlackElo "2876"]
[TimeControl "180+1"]
[EndTime "14:50:23 PDT"]
[Termination "DanielNaroditsky won by checkmate"]

1. e4 c6 2. d4 d5 3. f3 e6 4.
Nc3 Bb4 5. a3 Bxc3+ 6. bxc3 dxe4 7. Nh3 Nf6 8. fxe4 e5 9. Nf2 O-O 10. Bd3 Nbd7 11. O-O Re8 12. Qf3 Qa5 13. Ng4 Qxc3 14.
Bg5 Qxd4+ 15. Kh1 Qd6 16. Bc4 Qd4 17. Bxf7+ Kxf7 18. Bxf6 gxf6 19. Rad1 Qc4 20. Rxd7+ Bxd7 21. Qxf6+ Kg8 22. Nh6# 1-0

[Event "Late-Titled-Tuesday-Blitz-October-10-2023"]
[Site "Chess.com"]
[Date "2023.10.10"]
[Round "5"]
[White "PNEPaul"]
[Black "AleksandrAleksikov"]
[Result "0-1"]
[WhiteElo "1983"]
[BlackElo "2258"]
[TimeControl "180+1"]
[EndTime "14:50:23 PDT"]
[Termination "AleksandrAleksikov won by resignation"]

1. e4 c5 2. Nf3 d6 3. d4 cxd4 4. c3 Nf6 5. Bd3 dxc3 6. Nxc3 Nc6 7. h3 g6 8. O-O Bg7 9. Qe2 O-O 10. Rd1 Qa5 11.
Bd2 Qh5 12. Nd5 Nxd5 13. exd5 Ne5 14. Be4 f5 15. Bc2 Nxf3+ 16. gxf3 Bxb2 17. Qxe7 f4 18. Qxd6 Bxh3 0-1

[Event "Late-Titled-Tuesday-Blitz-October-10-2023"]
[Site "Chess.com"]
[Date "2023.10.10"]
[Round "5"]
[White "blueryder"]
[Black "NovikovaGalina"]
[Result "0-1"]
[WhiteElo "2170"]
[BlackElo "2415"]
[TimeControl "180+1"]
[EndTime "14:50:31 PDT"]
[Termination "NovikovaGalina won by checkmate"]

1. e4 e6 2. Nf3 d5 3. e5 Bd7 4.
c3 Nh6 5. d4 Nf5 6. b4 a5 7. b5 c5 8. bxc6 bxc6 9. Bd3 Nh4 10. Nxh4 Qxh4 11. Nd2 c5 12. Nf3 Qh5 13. O-O Be7 14. c4 cxd4 15. cxd5 exd5 16. Bb2 Nc6 17. Be2 O-O 18. Nxd4 Qg6 19. f4 Bc5 20. Kh1 Rab8 21. Bc3 Qe4 22. Bf3 Qe3 23. Rc1 Nxd4 24. Bxd4 Bxd4 25. Re1 Qxf4 26. Bxd5 Bg4 27. Qd3 Bxe5 28. g3 Qd4 29. Qxd4 Bxd4 30. Re4 Bf3# 0-1

[Event "Late-Titled-Tuesday-Blitz-October-10-2023"]
[Site "Chess.com"]
[Date "2023.10.10"]
[Round "5"]
[White "Ramosha"]
[Black "Cheer_Down"]
[Result "1-0"]
[WhiteElo "2622"]
[BlackElo "2457"]
[TimeControl "180+1"]
[EndTime "14:50:33 PDT"]
[Termination "Ramosha won by resignation"]

1. e4 c5 2. Nf3 d6 3. d4 cxd4 4. Nxd4 Nf6 5. Nc3 a6 6. Be2 e5 7. Nb3 Be7 8. Be3 Be6 9. g4 d5 10. exd5 Nxd5 11. Nxd5 Qxd5 12. Bf3 Qxd1+ 13. Rxd1 Nc6 14.
Nc5 Bxc5 15. Bxc5 Rd8 16. O-O f6 17. Bb6 Rxd1 18. Rxd1 Ke7 19. a3 Kf7 20. b4 Re8 21. Rd6 Rc8 22. Kg2 g6 23. c4 f5 24. gxf5 gxf5 25.
Bd5 Bxd5+ 26. cxd5 Nd4 27. Rd7+ Kf6 28. Rxb7 Ne2 29. Kf3 Nf4 30. d6 Rc3+ 31. Be3 Ke6 32. Rxh7 Nd5 33. d7 e4+ 34. Ke2 1-0

[Event "Late-Titled-Tuesday-Blitz-October-10-2023"]
[Site "Chess.com"]
[Date "2023.10.10"]
[Round "5"]
[White "carloseduar100"]
[Black "Pomberito2"]
[Result "1-0"]
[WhiteElo "2337"]
[BlackElo "2483"]
[TimeControl "180+1"]
[EndTime "14:50:37 PDT"]
[Termination "carloseduar100 won by resignation"]

1. e4 e6 2. d4 d5 3. Bd3 b6 4. exd5 exd5 5. Bf4 Bd6 6. Ne2 Ne7 7. O-O O-O 8. c3 Ba6 9. Na3 Bxd3 10. Qxd3 Bxf4 11.
Nxf4 c6 12. Rfe1 Ng6 13. Nxg6 hxg6 14. Nc2 Nd7 15. Re3 Nf6 16. Rae1 Qd6 17. h3 Rae8 18. Rxe8 Rxe8 19. Rxe8+ Nxe8 20. Qe3 Nf6 21. Nb4 Ne4 22. f3 Qg3 23. Nxc6 Ng5 24. Ne7+ Kh7 25. Nxd5 Nxh3+ 26. Kf1 Ng5 27. Qf4 Qxf4 28. Nxf4 f6 29. Ke2 Nf7 30. c4 g5 31. Ne6 Kg8 32. b4 Nd6 33. Kd3 Kf7 34.
Nd8+ Ke8 35. Nc6 Nc8 36. c5 Kd7 37. b5 a6 38. a4 axb5 39. axb5 Kc7 40. Kc4 g6 41.
Nb4 Ne7 42. Nd5+ Nxd5 43. Kxd5 f5 44. Ke5 1-0

[Event "Late-Titled-Tuesday-Blitz-October-10-2023"]
[Site "Chess.com"]
[Date "2023.10.10"]
[Round "5"]
[White "mishanick"]
[Black "hansen"]
[Result "1-0"]
[WhiteElo "3098"]
[BlackElo "2923"]
[TimeControl "180+1"]
[EndTime "14:50:46 PDT"]
[Termination "mishanick won by resignation"]

1. d4 Nf6 2. c4 e6 3. Nc3 Bb4 4. e3 O-O 5. Bd3 d5 6. a3 Bxc3+ 7. bxc3 c5 8. cxd5 exd5 9. Ne2 b6 10. f3 Re8 11. O-O Ba6 12. Ng3 Bxd3 13. Qxd3 Nc6 14.
Bb2 h5 15. e4 cxd4 16. cxd4 g6 17. e5 h4 18. Ne2 Nh5 19. g4 hxg3 20. hxg3 Na5 21. g4 Nc4 22. Bc1 Ng7 23. Ra2 Rc8 24.
Nf4 Ne6 25. Nxe6 Rxe6 26. Rh2 Qe7 27. f4 f6 28. f5 Nxe5 29. Qh3 Qg7 30. fxe6 1-0

[Event "Late-Titled-Tuesday-Blitz-October-10-2023"]
[Site "Chess.com"]
[Date "2023.10.10"]
[Round "5"]
[White "bettercallcafu"]
[Black "emiliochess"]
[Result "1/2-1/2"]
[WhiteElo "2643"]
[BlackElo "2341"]
[TimeControl "180+1"]
[EndTime "14:50:47 PDT"]
[Termination "Game drawn by repetition"]

1. d4 d5 2. Nc3 Bf5 3. Bf4 c6 4. e3 e6 5. f3 Bd6 6. Nge2 Ne7 7. Qd2 a5 8. g4 Bg6 9. h4 h5 10. g5 b5 11. Bxd6 Qxd6 12. Nf4 Nd7 13. Bd3 Bxd3 14. Nxd3 Qg3+ 15. Qf2 Qxf2+ 16. Kxf2 g6 17. e4 Rb8 18.
Ke3 Nc8 19. b3 Nd6 20. a4 b4 21. Ne2 Ke7 22. Ng3 Rhc8 23. e5 Nb7 24. Ne2 c5 25. dxc5 Nbxc5 26. Nxc5 Rxc5 27. Nd4 Nxe5 28. f4 Ng4+ 29.
Ke2 Rc3 30. Rad1 Rbc8 31. Rd3 Rxc2+ 32. Nxc2 Rxc2+ 33. Rd2 Rc3 34. Rb1 Kd6 35. Rd3 Rc2+ 36. Rd2 Rc3 37. Rd3 Rc8 38. Rdd1 Rc2+ 39. Rd2 Rc3 1/2-1/2

[Event "Late-Titled-Tuesday-Blitz-October-10-2023"]
[Site "Chess.com"]
[Date "2023.10.10"]
[Round "5"]
[White "Nekoo04"]
[Black "c_H_e_S_s_K_i_L_e_R"]
[Result "1-0"]
[WhiteElo "2265"]
[BlackElo "2006"]
[TimeControl "180+1"]
[EndTime "14:50:48 PDT"]
[Termination "Nekoo04 won by resignation"]

1. d4 Nf6 2. c4 d6 3. Nc3 g6 4. e4 Nbd7 5. Nf3 Bg7 6. Be2 O-O 7. Be3 c5 8. d5 Ng4 9. Bg5 Nge5 10. Nd2 Nf6 11. O-O e6 12. h3 exd5 13. exd5 Qb6 14. b3 Bf5 15. f4 Nd3 16. g4 Ne4 17. Ncxe4 Bxe4 18. Nxe4 Bxa1 19. Qxa1 f6 20. Nxf6+ Kf7 21. Bxd3 Qc7 22. Nxh7 Kg8 23. Bxg6 Qg7 24. Nf6+ Kh8 25.
Nh5 Qxa1 26. Rxa1 Kg8 27. f5 b5 28. f6 Rxf6 1-0

[Event "Late-Titled-Tuesday-Blitz-October-10-2023"]
[Site "Chess.com"]
[Date "2023.10.10"]
[Round "5"]
[White "mac0504"]
[Black "alexrustemov"]
[Result "1/2-1/2"]
[WhiteElo "2576"]
[BlackElo "2835"]
[TimeControl "180+1"]
[EndTime "14:50:51 PDT"]
[Termination "Game drawn by repetition"]

1. c4 c5 2. b3 Nf6 3. Bb2 e6 4.
e3 Be7 5. g4 h6 6. Bg2 d5 7. h4 Nc6 8. g5 hxg5 9. hxg5 Rxh1 10. Bxh1 Ne4 11. g6 Bf6 12. gxf7+ Kxf7 13. Qh5+ Kg8 14.
Bxe4 Bxb2 15. cxd5 Ne7 16. Nf3 exd5 17. Ng5 dxe4 18.
Qf7+ Kh8 19. Qh5+ Kg8 20. Qf7+ Kh8 21. Qh5+ Kg8 1/2-1/2

[Event "Late-Titled-Tuesday-Blitz-October-10-2023"]
[Site "Chess.com"]
[Date "2023.10.10"]
[Round "5"]
[White "Grandmaster1369"]
[Black "FM_Kappeler"]
[Result "1-0"]
[WhiteElo "2769"]
[BlackElo "2332"]
[TimeControl "180+1"]
[EndTime "14:50:51 PDT"]
[Termination "Grandmaster1369 won on time"]

1. e4 c5 2. Nc3 Nc6 3. f4 e6 4.
Nf3 a6 5. g3 Nge7 6. Bg2 d5 7.
d3 g6 8. O-O Bg7 9. Qe2 O-O 10.
e5 b5 11. Qf2 d4 12. Ne4 Bb7 13. Nxc5 Rb8 14. Nxb7 Rxb7 15. Nxd4 Rc7 16. Nxc6 Nxc6 17.
Be3 Nb4 18. Bb6 Rxc2 19. Bxd8 Rxf2 20. Rxf2 Rxd8 21. a3 Nd5 22. Bxd5 Rxd5 23. Rc1 Bf8 24. Rc8 Kg7 25. Rf3 g5 26. Kf2 g4 27. Re3 Bc5 28.
Ke2 Bxe3 29. Kxe3 a5 30. d4 Rd7 31. b3 a4 32. b4 h5 33. Ke4 Kg6 34. Rc5 Rb7 35. Rc6 Kg7 36. f5 exf5+ 37. Kxf5 Rd7 38. Ke4 Kh7 39. d5 Kg7 40. d6 Kg6 41. Rc7 Rd8 42. Rc5 1-0

[Event "Late-Titled-Tuesday-Blitz-October-10-2023"]
[Site "Chess.com"]
[Date "2023.10.10"]
[Round "5"]
[White "Arystanner"]
[Black "tgpgoat"]
[Result "1-0"]
[WhiteElo "2817"]
[BlackElo "2545"]
[TimeControl "180+1"]
[EndTime "14:50:56 PDT"]
[Termination "Arystanner won by resignation"]

1. e4 c5 2. Nf3 e6 3. c3 Nf6 4. e5 Nd5 5. Bc4 Nb6 6. Bb3 Nc6 7. d4 d6 8. dxc5 dxc5 9. Qe2 Be7 10. O-O O-O 11. Rd1 Qc7 12. Na3 a6 13. Bf4 Nd5 14. Bxd5 exd5 15. Rxd5 Be6 16. Rd2 b5 17. Nc2 Rfd8 18. Ne3 c4 19. Rad1 Na5 20. Nd5 Qb7 21. Nxe7+ Qxe7 22. Bg5 Rxd2 23. Qxd2 Qc5 24. Qd6 Qc8 25.
Nd4 Bd7 26. h4 Nb7 27. Qe7 h6 28. e6 fxe6 29. Nf3 Bc6 30. Ne5 hxg5 31. Nxc6 Qxc6 32. Rd7 Qxd7 33. Qxd7 Nc5 1-0

[Event "Late-Titled-Tuesday-Blitz-October-10-2023"]
[Site "Chess.com"]
[Date "2023.10.10"]
[Round "5"]
[White "Joshukid"]
[Black "Schwindle"]
[Result "1-0"]
[WhiteElo "2570"]
[BlackElo "2408"]
[TimeControl "180+1"]
[EndTime "14:50:56 PDT"]
[Termination "Joshukid won by resignation"]

1. c4 Nf6 2. Nf3 e6 3. g3 d5 4. Bg2 Be7 5. O-O O-O 6. b3 c6 7. Bb2 b5 8. d4 a6 9. Nc3 Nbd7 10. Nd2 Rb8 11. Qc2 Bb7 12. e4 c5 13. e5 Ne4 14.
Ncxe4 dxe4 15. cxb5 cxd4 16. Bxd4 Rc8 17. Qb2 Nc5 18. Bxc5 Bxc5 19. Rad1 e3 20. Bxb7 e2 21.
Bf3 exf1=Q+ 22. Nxf1 Qb6 23. bxa6 Qxa6 24. b4 Qb6 25. a3 Rcd8 26. Rxd8 Rxd8 27. Qc2 Bd4 28. Kg2 Bxe5 29. Ne3 Qd4 30. b5 Bc7 31. Qxc7 1-0

[Event "Late-Titled-Tuesday-Blitz-October-10-2023"]
[Site "Chess.com"]
[Date "2023.10.10"]
[Round "5"]
[White "Sofiia_Hryzlova"]
[Black "Rile-Man"]
[Result "0-1"]
[WhiteElo "2301"]
[BlackElo "2540"]
[TimeControl "180+1"]
[EndTime "14:50:57 PDT"]
[Termination "Rile-Man won on time"]

1. b3 e5 2. Bb2 Nc6 3. e3 g6 4. Nf3 Bg7 5. d4 exd4 6. exd4 d5 7. Be2 Nge7 8. O-O O-O 9. c4 Bg4 10. Nc3 dxc4 11. d5 Bxf3 12. Bxf3 Ne5 13. Re1 cxb3 14. axb3 c6 15. dxc6 N7xc6 16. Bd5 Qh4 17. h3 Rfd8 18. Qe2 Nb4 19. Bxb7 Rab8 20. Be4 Ned3 21. Red1 Nxb2 22. Rxd8+ Rxd8 23. g3 Qf6 24. Nb5 a6 25. Na3 N2d3 26. Rd1 Nc5 27. Rxd8+ Qxd8 28. Bf3 Nxb3 0-1

[Event "Late-Titled-Tuesday-Blitz-October-10-2023"]
[Site "Chess.com"]
[Date "2023.10.10"]
[Round "5"]
[White "Druid24"]
[Black "h4parah5"]
[Result "0-1"]
[WhiteElo "2723"]
[BlackElo "2932"]
[TimeControl "180+1"]
[EndTime "14:51:01 PDT"]
[Termination "h4parah5 won by resignation"]

1. e4 c6 2. d4 d5 3. exd5 cxd5 4.
Bd3 Nf6 5. c3 Bg4 6. Qb3 Qc7 7. h3 Bd7 8. Nd2 e6 9. Ngf3 Bd6 10.
O-O Bc6 11. Re1 Nbd7 12. Nf1 Ne4 13. Be3 O-O 14. Ng5 h6 15. Nxe4 dxe4 16. Be2 b5 17.
Rac1 Rac8 18. c4 bxc4 19. Rxc4 Nb6 20. Rcc1 Qd7 21. Ba6 Ba4 22. Bxc8 Nxc8 23. Qc3 Nb6 24. Nd2 Nd5 25. Qc4 Bb5 26. Qc2 Nb4 27. Qxe4 f5 28.
Qf3 f4 29. Nc4 fxe3 30. Qxe3 Nxa2 31. Qxe6+ Qxe6 32. Rxe6 Nxc1 33. Nxd6 Bd3 34. d5 Ne2+ 35. Kh2 Rxf2 36. Re8+ Kh7 37. Ne4 Bxe4 38. Rxe4 Nc1 39. Rd4 Nb3 40. Rd3 Nc5 41. Rc3 Nd7 42. Rc7 Nf6 43.
d6 Rxb2 44. Rxa7 Rd2 45. Ra6 Ne4 0-1

[Event "Late-Titled-Tuesday-Blitz-October-10-2023"]
[Site "Chess.com"]
[Date "2023.10.10"]
[Round "5"]
[White "AsadliVugar"]
[Black "MKlose11"]
[Result "1-0"]
[WhiteElo "2867"]
[BlackElo "2631"]
[TimeControl "180+1"]
[EndTime "14:51:01 PDT"]
[Termination "AsadliVugar won by checkmate"]

1. e4 e6 2. d4 d5 3. Nd2 Be7 4.
Ngf3 Nf6 5. e5 Nfd7 6. c3 c5 7. Bd3 Nc6 8. O-O a5 9. Re1 cxd4 10. cxd4 Qb6 11. Qa4 Qb4 12. Qxb4 Nxb4 13. Bb1 b6 14. a3 Nc6 15. Nf1 Ba6 16. Ng3 O-O 17. Be3 Rfc8 18. h4 b5 19. h5 h6 20. Bd3 Nb6 21. b3 a4 22. b4 Nc4 23. Bc1 Nb8 24. Ra2 Nd7 25. Ne2 Bb7 26. g4 f6 27. Nf4 fxe5 28.
dxe5 Ra6 29. Ng6 Bd8 30. Nd4 Rb6 31. f4 Nf8 32. Nxf8 Kxf8 33. f5 Ke7 34. f6+ gxf6 35.
exf6+ Kxf6 36. Rf2+ Kg7 37. Nxe6+ Rxe6 38. Rxe6 d4 39.
Bxh6+ Kg8 40. Rf8# 1-0

[Event "Late-Titled-Tuesday-Blitz-October-10-2023"]
[Site "Chess.com"]
[Date "2023.10.10"]
[Round "5"]
[White "Langua_Chess"]
[Black "greekplayer1"]
[Result "0-1"]
[WhiteElo "2478"]
[BlackElo "2665"]
[TimeControl "180+1"]
[EndTime "14:51:05 PDT"]
[Termination "greekplayer1 won on time"]

1. e4 c5 2. Nf3 d6 3. d4 cxd4 4. Nxd4 Nf6 5. Nc3 a6 6. Rg1 e5 7. Nf5 Nxe4 8. Nxg7+ Bxg7 9. Nxe4 d5 10. Bg5 Qa5+ 11. Bd2 Qb6 12. Nc3 Be6 13. Na4 Qc6 14. b3 Nd7 15. Rc1 b5 16. Nb2 e4 17. c3 O-O 18. Be2 Ne5 19. Kf1 f5 20. Be3 f4 21.
Bd4 Rad8 22. Bh5 Qd6 23. h3 Kh8 24. Bg4 Bxg4 25. hxg4 f3 26. g5 Ng4 27. g3 Qg6 28.
Qd2 Bxd4 29. Qxd4+ Kg8 30. Qd2 e3 31. fxe3 Qxg5 32. Nd1 f2 33. Rg2 Qh5 34. Nxf2 Qh1+ 35. Ke2 Qxg2 0-1

[Event "Late-Titled-Tuesday-Blitz-October-10-2023"]
[Site "Chess.com"]
[Date "2023.10.10"]
[Round "5"]
[White "rezamahdavi2008"]
[Black "wadsy27"]
[Result "1-0"]
[WhiteElo "2872"]
[BlackElo "2643"]
[TimeControl "180+1"]
[EndTime "14:51:07 PDT"]
[Termination "rezamahdavi2008 won by resignation"]

1. e4 e6 2. d4 d5 3. e5 c5 4. c3 Nc6 5. Nf3 Qb6 6. a3 c4 7.
Nbd2 Na5 8. Rb1 Bd7 9. h4 Ne7 10.
h5 h6 11. b4 cxb3 12. Nxb3 Ba4 13. Nxa5 Bxd1 14. Rxb6 axb6 15. Nxb7 Ba4 16. Nd6+ Kd7 17.
Nxf7 Rg8 18. Bd3 Nf5 19. g4 Ke8 20. gxf5 Kxf7 21. fxe6+ Kxe6 22. Nh4 Be8 23. Bf5+ Kf7 24.
Bh7 Bxa3 25. Bxg8+ Kxg8 26. Bxa3 Rxa3 27. Kd2 Bxh5 28.
Nf5 Ra2+ 29. Ke3 Bf7 30. Rg1 Kf8 31. Rxg7 Be6 32. Rg6 Bxf5 33. Rf6+ Ke7 34. Rxf5 b5 35. Rf6 Ra3 36. Kd2 Ra2+ 37. Kd3 Ra3 38. Rb6 Ra2 39.
Rxb5 Rxf2 40. Rxd5 h5 41. Rd6 h4 42. Rh6 Rf3+ 43. Ke4 Rxc3 44. Rxh4 Rc1 45. Rh7+ 1-0

[Event "Late-Titled-Tuesday-Blitz-October-10-2023"]
[Site "Chess.com"]
[Date "2023.10.10"]
[Round "5"]
[White "RIPOL"]
[Black "chosenpr"]
[Result "1/2-1/2"]
[WhiteElo "2432"]
[BlackElo "2263"]
[TimeControl "180+1"]
[EndTime "14:51:08 PDT"]
[Termination "Game drawn by repetition"]

1. d4 Nf6 2. Bg5 d5 3. Bxf6 exf6 4. e3 Be6 5. Nd2 c6 6. Ne2 Bd6 7. g3 Nd7 8. Bg2 O-O 9. O-O f5 10. Nf4 Nf6 11. c4 Ne4 12. cxd5 Bxd5 13. Nxd5 cxd5 14.
Bxe4 dxe4 15. Qb3 Rb8 16. Rac1 Qe7 17. Rc2 Rfc8 18. Rfc1 Qd7 19. Nc4 g6 20. Nxd6 Rxc2 21. Qxc2 Qxd6 22. Qc7 Rd8 23. Qxb7 Rb8 24. Rc8+ Rxc8 25.
Qxc8+ Kg7 26. Qc4 Qb6 27. b4 a5 28. b5 Qd6 29. Qc5 Qd7 30. b6 Qa4 31. Qe5+ Kg8 32. Qb8+ Kg7 33. Qe5+ Kg8 34. Qb8+ Kg7 35. Qe5+ 1/2-1/2

[Event "Late-Titled-Tuesday-Blitz-October-10-2023"]
[Site "Chess.com"]
[Date "2023.10.10"]
[Round "5"]
[White "MathiasWomacka"]
[Black "German_Bazeev"]
[Result "1/2-1/2"]
[WhiteElo "2532"]
[BlackElo "2799"]
[TimeControl "180+1"]
[EndTime "14:51:10 PDT"]
[Termination "Game drawn by repetition"]

1. e4 g6 2. d4 Bg7 3. Nc3 d6 4. f4 Nf6 5. Nf3 O-O 6. Bd3 Na6 7. O-O c5 8. d5 Bg4 9. Bc4 Nd7 10. Be3 Nc7 11. a4 b6 12. Qe1 Bxf3 13. Rxf3 a6 14. Qh4 e5 15. Qxd8 Rfxd8 16. f5 Rab8 17. Be2 b5 18. axb5 axb5 19. Ra7 Rdc8 20. fxg6 fxg6 21.
Nxb5 Nxb5 22. Rxd7 Nd4 23. Rff7 Nxe2+ 24. Kf2 Bf8 25.
Kxe2 Rxb2 26. Kd3 c4+ 27. Kc3 Ra2 28. Rxh7 Rca8 29. Bg5 R8a3+ 30. Kd2 Rd3+ 31. Kc1 Rc3 32. Bf6 Rcxc2+ 33. Kb1 Rab2+ 34. Ka1 Ra2+ 35. Kb1 Rab2+ 36. Ka1 Ra2+ 37. Kb1 1/2-1/2

[Event "Late-Titled-Tuesday-Blitz-October-10-2023"]
[Site "Chess.com"]
[Date "2023.10.10"]
[Round "5"]
[White "Blackwhite017"]
[Black "Javylavilla"]
[Result "1-0"]
[WhiteElo "2045"]
[BlackElo "2348"]
[TimeControl "180+1"]
[EndTime "14:51:10 PDT"]
[Termination "Blackwhite017 won by resignation"]

1. e4 c5 2. Nf3 d6 3. Nc3 Nc6 4.
d4 cxd4 5. Nxd4 Nf6 6. Nxc6 bxc6 7. Bd3 e5 8. O-O Be7 9. h3 O-O 10. Kh1 d5 11. f4 Bd6 12. exd5 cxd5 13. fxe5 Bxe5 14.
Bg5 Bb7 15. Rb1 h6 16. Bh4 Qd6 17. Rf5 Rae8 18. Nb5 Qb6 19. Qf1 a6 20. Nc3 d4 21.
Ne2 Nd5 22. Bf2 Ne3 23. Bxe3 dxe3 24. Rh5 Re6 25. Nf4 Bxf4 26. Qxf4 e2 27. Re5 Rfe8 28.
Rxe6 Rxe6 29. Re1 Qxb2 30. Qb8+ 1-0

[Event "Late-Titled-Tuesday-Blitz-October-10-2023"]
[Site "Chess.com"]
[Date "2023.10.10"]
[Round "5"]
[White "MalyDominator"]
[Black "Dacean99"]
[Result "1-0"]
[WhiteElo "2460"]
[BlackElo "2584"]
[TimeControl "180+1"]
[EndTime "14:51:12 PDT"]
[Termination "MalyDominator won by resignation"]

1. e4 c5 2. Nf3 d6 3. d4 cxd4 4. Nxd4 Nf6 5. Nc3 g6 6. Be3 Nc6 7. f3 h5 8. Qd2 Nxd4 9. Qxd4 Bg7 10. O-O-O O-O 11. Qd2 Be6 12. Bh6 Rc8 13. g4 hxg4 14. Bxg7 Kxg7 15. h4 gxh3 16. Bxh3 Bxh3 17. Rxh3 Rh8 18.
Rdh1 Nh5 19. f4 Qa5 20. f5 Qe5 21. Kb1 b5 22. Qg5 Qf6 23. Qg4 Kf8 24. fxg6 Rxc3 25. Rxc3 fxg6 26. Rf3 Nf4 27. Rxh8+ Qxh8 28. Rxf4+ Kg7 29.
Rf1 Qh2 30. Rg1 Kf6 31. Qxg6+ Ke5 32. Qf5+ Kd4 33. Qd5+ Ke3 34. Qd3+ Kf4 35. Rf1+ Kg5 36. Qf3 e6 37. Qf6+ Kg4 38. Qg6+ Kh3 39. Rf3+ Kh4 40. Qh6+ Kg4 41. Qxh2 1-0

[Event "Late-Titled-Tuesday-Blitz-October-10-2023"]
[Site "Chess.com"]
[Date "2023.10.10"]
[Round "5"]
[White "chessisveryfun1264"]
[Black "topin8"]
[Result "1-0"]
[WhiteElo "2588"]
[BlackElo "2417"]
[TimeControl "180+1"]
[EndTime "14:51:12 PDT"]
[Termination "chessisveryfun1264 won on time"]

1. Nf3 c5 2. g3 Nc6 3. Bg2 g6 4.
c4 Bg7 5. O-O e5 6. Nc3 Nge7 7.
b3 O-O 8. Bb2 d6 9. e3 f5 10.
Ne1 Be6 11. Nd5 Rb8 12. Nc2 a6 13. Re1 b5 14. d3 Bf7 15. f4 Nxd5 16. cxd5 Ne7 17.
fxe5 dxe5 18. e4 Qd6 19. Qd2 Rfc8 20. Ne3 h5 21. Bh3 Bh6 22. Qc3 f4 23. Bxc8 Rxc8 24. Ng2 f3 25. Nh4 c4 26. Nxf3 cxb3 27. Qxe5 Qb6+ 28. Bd4 1-0

[Event "Late-Titled-Tuesday-Blitz-October-10-2023"]
[Site "Chess.com"]
[Date "2023.10.10"]
[Round "5"]
[White "tptagain"]
[Black "jguerramzllo"]
[Result "1-0"]
[WhiteElo "2879"]
[BlackElo "2656"]
[TimeControl "180+1"]
[EndTime "14:51:13 PDT"]
[Termination "tptagain won on time"]

1. Nf3 Nf6 2. b3 g6 3. Bb2 Bg7 4. g3 O-O 5. Bg2 d6 6. d4 Nbd7 7. O-O c6 8. Nbd2 Qc7 9. a4 b6 10. Re1 Bb7 11. e4 e5 12. dxe5 Nxe5 13. Nxe5 dxe5 14.
Nc4 Ne8 15. Ba3 c5 16. Ne3 Rd8 17. Qe2 Nd6 18. f3 Rfe8 19. Rad1 f5 20. Bb2 Qf7 21. Nd5 Rd7 22. c4 h5 23. Qd2 Kh7 24. a5 Bxd5 25. Qxd5 Red8 26. axb6 axb6 27. Qxf7 Nxf7 28. Rd5 Rxd5 29.
exd5 1-0

[Event "Late-Titled-Tuesday-Blitz-October-10-2023"]
[Site "Chess.com"]
[Date "2023.10.10"]
[Round "5"]
[White "ural58"]
[Black "realmadridfc123"]
[Result "0-1"]
[WhiteElo "2528"]
[BlackElo "2816"]
[TimeControl "180+1"]
[EndTime "14:51:17 PDT"]
[Termination "realmadridfc123 won by resignation"]

1. e4 e5 2. Nf3 Nc6 3. Bc4 Bc5 4. b4 Bxb4 5. c3 Ba5 6. d4 Qe7 7. Ba3 d6 8. dxe5 Nxe5 9. Nxe5 Qxe5 10. O-O Bd7 11. f4 Qe7 12. e5 O-O-O 13. exd6 cxd6 14. Kh1 Bc6 15. Bd5 Nf6 16. Bxc6 bxc6 17. Nd2 Qe6 18. Qa4 Qd5 19. Nc4 Bc7 20. Rad1 Qb5 21. Qxb5 cxb5 22.
Nxd6+ Bxd6 23. Bxd6 Ne4 24. c4 bxc4 25. Rd4 Nxd6 26.
f5 f6 27. h3 Rhe8 28. Rb1 Re4 29. Rd5 Re5 30. Rd2 Rxf5 31. Kh2 Rc5 32. Rbd1 Kc7 33. Rc2 c3 34. Rdc1 Nb5 0-1

[Event "Late-Titled-Tuesday-Blitz-October-10-2023"]
[Site "Chess.com"]
[Date "2023.10.10"]
[Round "5"]
[White "NFChess13"]
[Black "AungTZ"]
[Result "1-0"]
[WhiteElo "2634"]
[BlackElo "2058"]
[TimeControl "180+1"]
[EndTime "14:51:17 PDT"]
[Termination "NFChess13 won on time"]

1. h4 d5 2. d4 c5 3. e3 Nc6 4. c4 e6 5. Nc3 Nf6 6. cxd5 Nxd5 7. Bb5 cxd4 8. exd4 Be7 9. h5 h6 10. Nf3 Qa5 11. O-O Nxc3 12. Bxc6+ bxc6 13. bxc3 Qxh5 14. Qa4 O-O 15. Ba3 Bxa3 16. Qxa3 c5 17. dxc5 Bb7 18.
Nh2 Rfc8 19. Rab1 Be4 20. Rb4 Qxc5 21. Qb2 Bg6 22. Rc1 a5 23. Rb5 Qc4 24. Nf3 Be4 25. Nd2 Qd3 26. c4 Bc6 27. Rb3 Qd7 28. Rg3 f5 29. c5 Rab8 30. Qc3 Rb4 31. Nc4 Bd5 32. Nxa5 Ra4 33. c6 Qa7 34. Rb1 Rxa5 35. Rb7 Qxb7 36.
cxb7 Rxc3 37. b8=Q+ Kh7 38. Rxc3 1-0